 Dungeon Crawl Stone Soup version 0.23.2-33-g5129a83184 (webtiles) character file.

Game seed: 16454559815589302778

623 Kold the Insei (level 7, -17/43 HPs)
             Began as an Octopode Transmuter on July 23, 2019.
             Was an Initiate of Cheibriados.
             Killed from afar by Ijyb (28 damage)
             ... with a wand of acid (1)
             ... on level 4 of the Dungeon.
             The game lasted 00:07:24 (3911 turns).

Kold the Insei (Octopode Transmuter)                Turns: 3911, Time: 00:07:25

Health: -17/43     AC:  1    Str: 11    XL:     7   Next: 46%
Magic:  10/10      EV: 15    Int: 17    God:    Cheibriados [......]
Gold:   199        SH:  0    Dex: 14    Spells: 9/10 levels left

rFire    . . .     SeeInvis .     - Unarmed
rCold    . . .     Gourm    .   (no shield)
rNeg     . . .     Faith    .   (helmet restricted)
rPois    +         Spirit   .   (no amulet)
rElec    .         Reflect  .   l - ring of stealth
rCorr    .         Harm     .   r - ring of poison resistance
MR       .....                  (no ring)
Stlth    ++++......             (no ring)
HPRegen  0.14/turn              (no ring)
MPRegen  0.12/turn              (no ring)
                                (no ring)
                                (no ring)

@: appendage, slow
A: almost no armour, stealthy swim, amphibious, 8 rings, constrict 8, tentacle
spike 3, camouflage 1, gelatinous body 1
a: End Transformation, Bend Time, Renounce Religion


You were on level 4 of the Dungeon.
You worshipped Cheibriados.
Cheibriados was noncommittal.
You were hungry.
One of your tentacles had a temporary spike.
You visited 2 branches of the dungeon, and saw 5 of its levels.

You collected 199 gold pieces.

Inventory:

Missiles
 a - 39 arrows
Magical Staves
 p - an uncursed staff of wizardry
Jewellery
 l - a ring of stealth (left tentacle)
 r - a ring of poison resistance (right tentacle)
Wands
 n - a wand of iceblast (17)
 t - a wand of digging (5)
Scrolls
 d - 7 scrolls of remove curse
 e - a scroll of fear {unknown}
 h - 4 scrolls of teleportation
 k - a scroll of random uselessness {unknown}
 o - 2 scrolls of identify
 q - a scroll of amnesia {unknown}
 s - a scroll of enchant armour {unknown}
Potions
 b - 3 potions of curing
 f - a potion of heal wounds {unknown}
 g - a potion of cancellation {unknown}
 i - a potion of agility {unknown}
 j - 2 potions of berserk rage {unknown}
 m - a potion of flight {unknown}
Comestibles
 c - 6 rations


   Skills:
 - Level 1.0 Fighting
 + Level 4.8 Dodging
 - Level 2.1 Stealth
 + Level 5.3 Unarmed Combat
 - Level 2.0 Spellcasting
 + Level 4.7 Transmutations


You had 9 spell levels left.
You knew the following spells:

 Your Spells              Type           Power        Failure   Level  Hunger
a - Beastly Appendage     Tmut           ###...       2%          1    #......

Your spell library contained the following spells:

 Spells                   Type           Power        Failure   Level  Hunger
 Sticks to Snakes         Tmut           ###.....     4%          2    ###....
 Spider Form              Tmut/Pois      #.........   22%         3    ###....
 Ice Form                 Ice/Tmut       #.......     58%         4    #####..
 Blade Hands              Tmut           ###.......   61%         5    ######.


Dungeon Overview and Level Annotations

Branches:
Dungeon (4/15)             Temple (1/1) D:4

Altars:
Cheibriados
Dithmenos
Hepliaklqana
Makhleb
Nemelex Xobeh
Trog
Xom

Annotations:
D:4 Ijyb


Innate Abilities, Weirdness & Mutations

You cannot wear most types of armour.
You are very stealthy in the water. (Stealth+)
You are amphibious.
You can wear up to eight rings at the same time.
You can use your tentacles to constrict eight enemies at once.
Your skin changes colour to match your surroundings (Stealth+).
Your rubbery body absorbs attacks. (AC +1, EV +1)
One of your tentacles bears a large vicious spike.


Message History

The helpless ooze fails to defend itself.
You tentacle-slap the ooze.
The ooze is lightly wounded.
The ooze jiggles.
The ooze hits you.
You barely miss the ooze.
You pierce the ooze.
You squeeze the ooze.
You kill the ooze!
Cheibriados thoroughly appreciates the change of pace.
Ijyb the Twisted Goblin comes into view.
She is carrying a wand of acid (3).
You are feeling hungry.
Ijyb shouts!
Ijyb zaps a wand.
The bolt of acid misses you.
Found 13 gold pieces.
Ijyb zaps a wand.
The bolt of acid hits you!!
You are splashed with acid!
* * * LOW HITPOINT WARNING * * *
You are too injured to fight recklessly!
You are too injured to fight recklessly!
Ijyb zaps a wand.
The bolt of acid hits you!!
Ouch! That really hurt!
You die...

## #.# ### #.# $.#
#.# #.# ###.# ##
#.# #..## ##.# #g#
#...## ##.# #.#
..#.<###..#### #@#
.###..#......###.#
..#.##.##.#...##.#
###.##......#....#
##.######.#...####
#^## #.##.## #.#
#.##.# ##.# .....#
# ## ..####


You could see Ijyb.

Vanquished Creatures
  Menkaure (D:4)
  2 ogres (D:4)
  A scorpion (D:4)
  A hound (D:4)
  Jessica (D:2)
  Natasha (thrice) (D:3)
  6 adders
  An ooze (D:4)
  2 worms (D:2)
  2 dart slugs (D:2)
  2 leopard geckos
  9 orcs (D:4)
  2 ball pythons
  8 bats
  5 giant cockroaches
  4 goblins
  5 hobgoblins
  2 jackals (D:3)
  10 kobolds
  2 quokkas
  6 frilled lizards
  A leopard gecko skeleton (D:4)
  11 rats
87 creatures vanquished.

Notes
Turn   | Place    | Note
-------+----------+-------------------------------------------
     0 | D:1      | Kold the Octopode Transmuter began the quest for the Orb.
     0 | D:1      | Reached XP level 1. HP: 13/13 MP: 3/3
   133 | D:1      | Reached skill level 1 in Stealth
   133 | D:1      | Reached XP level 2. HP: 15/18 MP: 3/5
   585 | D:2      | Noticed Natasha
   601 | D:3      | Killed Natasha
   601 | D:3      | Reached XP level 3. HP: 13/23 MP: 4/6
   875 | D:2      | Found a faded altar of an unknown god.
   929 | D:2      | Reached XP level 4. HP: 20/28 MP: 7/7
  1308 | D:2      | Noticed Jessica
  1318 | D:2      | Killed Jessica
  1602 | D:2      | Reached XP level 5. HP: 24/33 MP: 6/8
  2271 | D:3      | Found a sparkling altar of Nemelex Xobeh.
  2505 | D:3      | Noticed Natasha
  2512 | D:3      | Killed Natasha
  2512 | D:3      | Reached skill level 4 in Unarmed Combat
  2937 | D:3      | Noticed Natasha
  2947 | D:3      | Killed Natasha
  2999 | D:4      | Noticed Menkaure
  3084 | D:4      | Killed Menkaure
  3084 | D:4      | Reached XP level 6. HP: 32/38 MP: 7/9
  3391 | D:4      | Reached XP level 7. HP: 14/43 MP: 10/10
  3448 | D:4      | Reached skill level 5 in Unarmed Combat
  3817 | D:4      | Found a staircase to the Ecumenical Temple.
  3831 | Temple   | Entered the Ecumenical Temple
  3855 | Temple   | Became a worshipper of Cheibriados the Contemplative
  3908 | D:4      | Noticed Ijyb
  3911 | D:4      | Killed from afar by Ijyb

Skill      XL: |  1  2  3  4  5  6  7 |
---------------+----------------------+-----
Stealth        | 1 2 |  2.1
Dodging        | 3 4 |  4.8
Transmutations | 3 4 |  4.7
Unarmed Combat | 4 5 |  5.3
Fighting       | |  1.0
Spellcasting   | |  2.0

Action                   |  1- 3 |  4- 6 |  7- 9 || total
-------------------------+-------+-------+-------++-------
Melee: Unarmed           |    52 |   117 |    18 ||   187
       Constrict         |    16 |    34 |     3 ||    53
       Kick              |     8 |    24 |     6 ||    38
       Tentacles         |     7 |    25 |     4 ||    36
       Punch             |       |     4 |     2 ||     6
 Cast: Beastly Appendage |    20 |    24 |     5 ||    49
  Use: Scroll            |       |       |     3 ||     3
 Stab: Sleeping          |     7 |     6 |     2 ||    15
  Eat: Chunk             |       |     9 |     1 ||    10
Armor: Skin              |     4 |    10 |       ||    14
Dodge: Dodged            |    26 |    87 |    11 ||   124
